 Dungeon Crawl Stone Soup version 0.30.0-29-ga12c61a403 (webtiles) character file.

Game seed: 12583508103511995433

149 DildoBatman the Conjurer (level 5, 0/37 HPs)
             Began as a Formicid Conjurer on June 8, 2023.
             Slain by a gnoll
             ... wielding a +0 whip
              (5 damage)
             ... on level 3 of the Dungeon.
             The game lasted 00:05:00 (2029 turns).

DildoBatman the Conjurer (Formicid Conjurer)        Turns: 2029, Time: 00:05:01

Health: 0/37       AC:  4    Str: 11    XL:     5   Next: 56%
Magic:  7/9        EV: 11    Int: 20    God:
Gold:   97         SH:  6    Dex: 12    Spells: 6/9 levels left

rFire   + . .        j - +0 dagger
rCold   . . .        o - +2 buckler
rNeg    . . .        u - +2 robe {rF+}
rPois   .            (helmet unavailable)
rElec   .            (no cloak)
rCorr   .            (no gloves)
SInv    +            (no boots)
Will    +....        (no amulet)
Stlth   ++           l - ring of willpower
HPRegen 0.26/turn    (no ring)
MPRegen 0.11/turn

%: no passive effects
@: lethally poisoned (0 -> -1), very slightly contaminated
A: permanent stasis, dig shafts and tunnels, antennae 3, four strong arms
a: Dig, Shaft Self


You were on level 3 of the Dungeon.
You visited 1 branch of the dungeon, and saw 3 of its levels.

You collected 97 gold pieces.

Inventory:

Hand Weapons
 h - a +0 club
 j - a +0 dagger (weapon)
Missiles
 t - 3 silver boomerangs
Armour
 o - a +2 buckler (worn)
 u - a +2 robe of fire resistance (worn)
Jewellery
 f - a ring of ice
 l - a ring of willpower (left hand)
Scrolls
 a - a scroll of immolation {unknown}
 g - a scroll of amnesia {unknown}
 i - a scroll of teleportation {unknown}
 k - 2 scrolls of identify {unknown}
 m - a scroll of magic mapping {unknown}
 n - a scroll of brand weapon {unknown}
 p - a scroll of fog {unknown}
Potions
 b - a potion of magic
 c - a potion of ambrosia {unknown}
 d - 2 potions of attraction {unknown}
 e - a potion of haste {unknown}
 q - a potion of degeneration {unknown}
 r - a potion of berserk rage {unknown}
 s - a potion of lignification {unknown}


   Skills:
 * Level 1.4 Fighting
 * Level 1.7 Armour
 * Level 2.4 Dodging
 - Level 3.0 Stealth
 - Level 3.0 Shields
 * Level 2.7 Spellcasting
 * Level 4.0 Conjurations


You had 6 spell levels left.
You knew the following spells:

 Your Spells              Type           Power      Damage    Failure   Level
a - Searing Ray           Conj           36%        2d5       6%          2
c - Magic Dart            Conj           72%        1d6       4%          1

Your spell library contained the following spells:

 Spells                   Type           Power      Damage    Failure   Level
 Dazzling Flash           Conj/Hex       20%        N/A       26%         3
 Fulminant Prism          Conj/Hex       5%         3d7       65%         4
 Iskenderun's Mystic Bla  Conj/Tloc      10%        2d4       65%         4


Dungeon Overview and Level Annotations

Branches:
Dungeon (3/15)

Altars:
Cheibriados
Qazlal

Annotations:
D:2 1 runed translucent door, Crazy Yiuf


Innate Abilities, Weirdness & Mutations

You cannot be hasted, slowed, berserked, paralysed or teleported.
You can dig through walls and to a lower floor.
You have a pair of large antennae on your head. (SInv)
Your four strong arms can wield two-handed weapons with a shield.


Message History

The adder is heavily wounded.
You feel sick. The adder barely misses you.
You barely miss the adder.
The adder is heavily wounded.
You feel sick. The adder bites you.
You are more poisoned.
The adder poisons you!
You miss the adder.
The adder is heavily wounded.
You feel sick. You block the adder's attack. x2
You hit the adder.
The adder is almost dead.
You feel sick. The adder bites you but does no damage.
Casting: Magic Dart (safe; 4% risk of failure)
Confirm with . or Enter, or press ? or * to list all spells.
Aiming: Magic Dart (safe; 4% risk of failure)
Press: ? - help, Shift-Dir - straight line, f - adder
Aim: an adder (almost dead, 100% to hit)
The magic dart hits the adder.
You kill the adder!
You feel sick. Magic courses through your body.
You feel sick. The gnoll hits you but does no damage.
Casting: Magic Dart (safe; 4% risk of failure)
Confirm with . or Enter, or press ? or * to list all spells.
Aiming: Searing Ray (safe; 6% risk of failure)
Press: ? - help, Shift-Dir - straight line, f - gnoll
Aim: a gnoll, wielding a +0 whip (81% to hit)
You miscast Searing Ray.
You are very lightly contaminated with residual magic.
Nothing appears to happen.
You feel sick.
A goblin comes into view. It is wielding a +0 club.
The gnoll hits you with a +0 whip.
You die...

#### ####
#..♣♣♣♣♣♣♣♣♣..#
#.♣.....)[..♣.#
#.♣.§§≈§≈≈≈.♣.##
#.♣≈§§§≈≈..≈♣..#
#.♣§§≈.§.≈.≈♣#@#
#.♣≈§§§§.≈.≈♣#g#
#.♣≈.≈...≈.≈♣#J#
#.♣≈..§≈§..≈♣.).
#.♣.≈≈≈≈≈≈≈.♣...
#.♣.......§.♣...#
#..♣♣♣♣♣♣♣♣♣....#
# #.........#
g...# #
##........#


You could see a gnoll, an endoplasm and a goblin.

Vanquished Creatures
  An orc wizard (D:2)
  3 gnolls (D:3)
  4 adders
  2 worms
  A dart slug (D:2)
  7 orcs
  4 bats
  2 endoplasms
  A giant cockroach (D:1)
  3 goblins
  4 hobgoblins
  2 quokkas
  3 ball pythons (D:2)
  2 frilled lizards (D:2)
  4 kobolds
  3 rats
46 creatures vanquished.

Notes
Turn   | Place    | Note
-------+----------+-------------------------------------------
     0 | D:1      | DildoBatman the Formicid Conjurer began the quest for the
                  | Orb.
     0 | D:1      | Reached XP level 1. HP: 13/13 MP: 3/3
   402 | D:1      | Reached XP level 2. HP: 20/20 MP: 1/5
   405 | D:1      | Learned a level 2 spell: Searing Ray
   567 | D:1      | Reached skill level 1 in Shields
  1178 | D:2      | Reached XP level 3. HP: 22/25 MP: 2/6
  1364 | D:2      | Reached skill level 1 in Armour
  1447 | D:2      | Reached XP level 4. HP: 30/30 MP: 4/7
  1508 | D:2      | Reached skill level 1 in Fighting
  1511 | D:2      | Found a stormy altar of Qazlal.
  1721 | D:2      | Found a runed translucent door.
  1722 | D:2      | Noticed Crazy Yiuf
  1790 | D:2      | Reached XP level 5. HP: 37/37 MP: 2/8
  1972 | D:3      | Found a snail-covered altar of Cheibriados.
  2021 | D:3      | Reached skill level 4 in Conjurations
  2029 | D:3      | Slain by a gnoll

Illustrated notes

Levels and vault maps discovered:
D:1:      tarquinn_simple_flora_water_b, layout_basic, nicolae_hexahallways,
          nicolae_wormholes
D:2:      layout_loops_ring, serial_glass, glass_columns_a, glass_columns_c,
          item_on_display_a, basic_altar, st_stairs_3, uniq_crazy_yiuf_cottage
D:3:      layout_basic, grunt_temple_overflow_growth_and_decay,
          mainiacjoe_overflow_paths, serial_shops, nicolae_shop_stone

Skill      XL: |  1  2  3  4  5 |
---------------+----------------+-----
Shields        | 2 3 |  3.0
Armour         | 1 |  1.7
Dodging        | 2 |  2.4
Fighting       | 1 |  1.4
Stealth        | 3 |  3.0
Conjurations   | 4 |  4.0
Spellcasting   | |  2.7

Action                     |  1- 3 |  4- 6 || total
---------------------------+-------+-------++-------
  Melee: Dagger            |    15 |    34 ||    49
   Cast: Magic Dart        |    23 |    10 ||    33
         Searing Ray       |     5 |     5 ||    10
Ability: Dig               |     1 |       ||     1
    Use: Potion            |       |     1 ||     1
 Armour: Robe              |     2 |     7 ||     9
  Dodge: Dodged            |     8 |    19 ||    27
  Block: Buckler           |     2 |    20 ||    22
